Map: Ulrena

Players

Anzilla

  • Race: Terran Terran
  • League: Silver

lesha - Winner!

  • Race: Terran Terran
  • League: Silver

VOD

Have the link to the VOD?

Description

Time

  • Played on: Dec. 21, 2015, 11:14 a.m.
  • Length: 15:22
Show
View Real Time Build Order
Export as new Build Order

Anzilla Terran 

Build Orders:  

Get SALT Encoding   

  12  0:03  SCV  
  13  0:16  Supply Depot  
  13  0:19  SCV  
  14  0:31  SCV  
  15  0:40  Barracks  
  15  0:44  SCV  
  16  0:57  SCV, Refinery  
  17  1:10  SCV  
  18  1:14  Refinery  
  18  1:22  SCV  
  19  1:29  Marine  
  20  1:35  Orbital Command  
  20  1:58  Factory  
  20  2:00  SCV  
  21  2:05  Barracks Reactor  
  21  2:14  SCV  
  22  2:42  Factory Tech Lab  
  22  2:55  SCV  
  23  3:03  Supply Depot  
  23  3:08  Starport  
  23  3:14  Engineering Bay  
  23  3:24  Marine x2  
  23  3:25  Command Center  
  25  3:35  Siege Tank  
  28  3:44  Starport Tech Lab  
  28  3:52  SCV  
  28  3:54  Fusion Core  
  29  3:55  Marine x2  
  31  4:06  Barracks  
  31  4:07  Barracks  
  31  4:17  Supply Depot  
  31  4:19  Supply Depot  
  31  4:36  Marine x2  
  31  4:37  SCV, Siege Tank  
  37  4:44  Missile Turret x2  
  37  4:51  Hi-Sec Auto Tracking  
  37  4:55  Barracks Reactor  
  37  4:57  Barracks Tech Lab  
  37  5:06  Planetary Fortress  
  37  5:13  SCV  
  38  5:31  Marauder  
  38  5:32  Marine x3  
  38  5:33  Marine  
  44  5:50  Marine  
  44  5:52  Battlecruiser  
  51  6:00  Concussive Shells  
  51  6:07  Refinery  
  51  6:08  Refinery  
  51  6:10  SCV  
  51  6:11  SCV  
  53  6:20  Missile Turret  
  53  6:29  Missile Turret  
  53  6:31  Missile Turret  
  49  6:53  SCV x2  
  51  7:02  Battlecruiser  
  51  7:05  SCV  
  51  7:06  SCV  
  59  7:08  Behemoth Reactor  
  59  7:17  SCV  
  59  7:18  SCV  
  61  7:28  Supply Depot  
  62  7:30  SCV  
  62  7:31  Supply Depot  
  62  7:37  Starport, Building Armor  
  62  7:43  Engineering Bay  
  62  7:45  Combat Shields  
  62  7:50  SCV  
  62  8:13  Terran Infantry Weapons Level 1  
  62  8:21  SCV  
  62  8:22  SCV  
  64  8:32  Missile Turret  
  64  8:33  SCV, Missile Turret x2  
  64  8:34  SCV  
  66  8:36  Missile Turret x2  
  66  8:45  SCV  
  67  9:06  Missile Turret  
  67  9:16  Armory, Weapon Refit  
  67  9:17  Terran Infantry Armor Level 1  
  67  9:20  Armory  
  67  9:24  Starport Tech Lab  
  67  9:30  Battlecruiser  
  73  10:17  Terran Infantry Weapons Level 2  
  73  10:21  Terran Vehicle And Ship Armor Level 1, Terran Ship Weapons Level 1  
  73  10:25  Stimpack  
  73  10:30  Battlecruiser  
  79  10:38  Supply Depot  
  79  10:41  Supply Depot  
  79  10:42  Supply Depot  
  79  10:49  Command Center  
  79  10:52  Medivac  
  81  11:12  Marauder, Marine x4  
  81  11:16  Thor  
  93  11:22  Medivac  
  95  11:45  Missile Turret  
  95  11:48  Missile Turret  
  95  11:50  Missile Turret  
  88  12:12  Siege Tank  
  88  12:14  Marauder, Marine x4  
  69  12:27  Planetary Fortress  
  25  13:17  Marauder, Marine x4  
  31  13:21  Siege Tank  
  34  13:54  Marauder, Marine x4  
  40  14:12  Marine  
  41  14:34  Marauder, Marine x2  
  45  14:44  SCV  
Show
View Real Time Build Order
Export as new Build Order

lesha Terran - Winner!

Build Orders: MMM Bio 

Get SALT Encoding   

  12  0:01  SCV  
  13  0:13  SCV  
  14  0:17  Supply Depot  
  14  0:25  SCV  
  15  0:39  SCV  
  15  0:41  Barracks  
  16  0:51  SCV, Refinery  
  17  1:03  SCV  
  18  1:15  SCV  
  19  1:28  SCV  
  20  1:34  Reaper  
  21  1:42  Command Center  
  21  1:47  Orbital Command  
  21  1:56  Refinery  
  21  2:07  Marine  
  22  2:13  SCV  
  23  2:25  Supply Depot  
  23  2:38  SCV  
  23  2:46  Marine  
  23  2:48  Factory  
  23  2:50  SCV  
  25  2:57  Barracks  
  25  3:02  Barracks  
  25  3:03  Orbital Command  
  25  3:04  SCV  
  26  3:14  Marine  
  26  3:17  SCV  
  28  3:29  SCV  
  28  3:31  SCV  
  30  3:35  Factory  
  30  3:39  Starport  
  30  3:41  SCV  
  31  3:44  SCV  
  31  3:46  Supply Depot  
  31  3:48  Barracks Reactor  
  32  3:53  Factory Tech Lab, Barracks Reactor, SCV  
  33  3:56  SCV, Barracks Tech Lab  
  34  4:05  SCV  
  34  4:08  SCV  
  34  4:09  Supply Depot  
  36  4:14  Siege Tank  
  39  4:17  SCV, Starport Reactor  
  39  4:20  SCV  
  41  4:28  Engineering Bay  
  42  4:31  SCV, Supply Depot  
  42  4:32  SCV  
  42  4:33  Marine x2  
  42  4:34  Marine x2  
  42  4:35  Marine  
  48  4:40  Stimpack  
  48  4:43  SCV  
  48  4:44  SCV, Refinery  
  50  4:45  Refinery  
  50  4:52  Marine x3  
  52  4:53  Marine  
  52  4:54  Marine  
  52  4:55  SCV  
  52  4:57  SCV  
  57  5:07  SCV  
  57  5:08  Medivac  
  57  5:09  SCV  
  61  5:14  Barracks  
  61  5:18  Terran Infantry Weapons Level 1  
  61  5:19  Engineering Bay, Barracks  
  61  5:21  Marine x3  
  61  5:22  Marine  
  61  5:23  Marine  
  66  5:31  Medivac  
  68  5:39  Marine x2  
  70  5:48  Supply Depot  
  70  5:49  Supply Depot  
  70  5:51  Supply Depot  
  70  6:09  SCV x2, Medivac, Marine x4  
  70  6:10  Medivac, Marine  
  81  6:12  Terran Infantry Armor Level 1  
  81  6:21  SCV  
  81  6:24  Supply Depot  
  82  6:27  Supply Depot, Marine x3  
  82  6:28  Marine  
  82  6:29  Supply Depot  
  86  6:39  Medivac  
  79  6:43  Marine  
  79  6:44  Marine x3  
  79  6:46  Marauder  
  84  6:55  Armory  
  84  6:59  Barracks Reactor  
  84  7:00  Barracks Reactor  
  84  7:01  Marine  
  85  7:02  Medivac, Marine x3  
  85  7:07  Marine  
  91  7:09  Medivac  
  91  7:14  Command Center  
  93  7:18  Marine  
  93  7:20  Marine x3  
  97  7:25  Marine  
  98  7:30  SCV  
  98  7:31  SCV  
  98  7:32  Medivac  
  98  7:36  Marine  
  103  7:39  Medivac  
  103  7:41  Marine x3  
  103  7:43  SCV x2, Marine  
  111  7:53  Terran Infantry Weapons Level 2  
  111  7:54  Marine  
  111  7:55  SCV x2  
  114  7:59  Marine x2  
  106  8:07  SCV  
  89  8:18  SCV  
  89  8:19  SCV  
  90  8:20  Marine x6  
  90  8:21  Marine x3  
  90  8:23  Medivac x2  
  90  8:26  Terran Infantry Armor Level 2  
  103  8:30  SCV  
  103  8:31  SCV  
  105  8:36  Command Center  
  105  8:38  Marine x5  
  110  8:53  Medivac x2  
  110  8:54  SCV x3  
  117  9:06  SCV  
  117  9:07  Barracks  
  117  9:08  Barracks  
  117  9:09  Barracks  
  118  9:10  Barracks  
  118  9:12  SCV  
  118  9:13  SCV  
  118  9:15  Barracks, Marine x4  
  118  9:16  Marine x4  
  128  9:18  SCV, Marine  
  130  9:25  SCV x2  
  130  9:26  Combat Shields  
  132  9:33  Marine  
  133  9:41  Supply Depot x2  
  133  9:43  Supply Depot  
  133  9:46  Supply Depot  
  133  9:47  Marine x8  
  141  10:10  Orbital Command  
  141  10:11  Orbital Command  
  141  10:17  SCV x2  
  143  10:24  Supply Depot  
  143  10:25  Supply Depot  
  143  10:26  Supply Depot  
  143  10:28  Terran Infantry Weapons Level 3  
  143  10:29  SCV x2  
  143  10:30  Marine x4  
  143  10:31  Marine x7  
  143  10:32  Marine x3  
  159  10:41  SCV  
  160  10:48  Marine x4  
  164  11:00  Command Center, Refinery  
  164  11:01  SCV, Refinery  
  164  11:02  SCV x3  
  168  11:07  Marine  
  168  11:08  Barracks Reactor, Marine x4  
  168  11:09  Barracks Reactor x3  
  173  11:13  SCV, Marine x5  
  173  11:14  SCV  
  180  11:25  Marine x3  
  180  11:26  Medivac x2, Marine x2  
  180  11:31  Marine x5  
  194  11:33  Terran Infantry Armor Level 3  
  194  11:43  Marine  
  195  11:56  Medivac x2  
  165  12:26  Medivac  
  119  12:51  SCV x2  
  119  12:52  SCV x2, Marine x3  
  119  12:53  Marine x5  
  119  12:54  Marine x9  
  119  12:55  Marine  
  136  12:59  Medivac x2  
  125  13:10  Marine x5  
  125  13:11  Marine x6  
  125  13:12  Marine x7  
  143  13:28  Marine x6  
  143  13:29  Medivac x2, Marine x7  
  143  13:30  Marine x5  
  143  13:31  Barracks  
  143  13:32  Barracks  
  165  13:45  Marine  
  165  13:46  Marine x6  
  165  13:47  Marine x7  
  165  13:48  Marine x4  
  182  13:52  Concussive Shells  
  183  13:59  Medivac  
  185  14:03  Marine x2  
  185  14:04  Marine x5  
  185  14:05  Marine x6  
  198  14:10  Hi-Sec Auto Tracking  
  198  14:12  Orbital Command  
  198  14:21  Barracks  
  198  14:22  Barracks  
  198  14:29  Marine x2  
Tags
 
Composition
MMM Bio
Matchup
TvT
Race
Terran
Add a new tag
Caveats
  • Supply blocks, unpowered buildings, or Contaminate may cause inaccurate times.
  • Supply counts are checked every 10 seconds.